2029 views
Uploaded 2024-05-23 16:38:08
Game version 1.36 (6115)
20:07 long 1on1 custom game on (2)EchoIsles
Game name "123stg"
Saved by VladStg
2029 views
Uploaded 2024-05-23 16:38:08
Game version 1.36 (6115)
20:07 long 1on1 custom game on (2)EchoIsles
Game name "123stg"

39 units @ 4.9k
/ 0.3k
21 buildings @ 2.2k
/ 0.9k



| Scroll of Regeneration | 4 | 400 |
| Lesser Clarity Potion | 4 | 280 |
| Potion of Healing | 2 | 300 |
| Potion of Mana | 1 | 200 |
| Scroll of Town Portal | 1 | 350 |
| total: | 12 | 1530g |
| Peasant | 16 | 1200 | / | 0 |
| Footman | 8 | 1080 | / | 0 |
| Priest | 5 | 675 | / | 50 |
| Sorceress | 2 | 310 | / | 40 |
| Rifleman | 6 | 1230 | / | 180 |
| Spell Breaker | 2 | 430 | / | 60 |
| total: | 39 | 4925g | / | 330w |
| Scout Tower | 6 | 180 | / | 120 |
| Arcane Tower | 2 | 140 | / | 100 |
| Guard Tower | 1 | 70 | / | 50 |
| Altar of Kings | 1 | 180 | / | 50 |
| Farm | 7 | 560 | / | 140 |
| Barracks | 2 | 320 | / | 120 |
| Arcane Vault | 1 | 130 | / | 30 |
| Lumber Mill | 1 | 120 | / | 0 |
| Blacksmith | 1 | 140 | / | 60 |
| Town Hall | 1 | 385 | / | 205 |
| Arcane Sanctum | 1 | 150 | / | 140 |
| Keep | 1 | 320 | / | 210 |
| Castle | 1 | 360 | / | 210 |
| total: | 21 | 2165g | / | 865w |
| 0:01 | Peasant |
| 0:01 | Peasant |
| 0:09 | Altar of Kings |
| 0:14 | Peasant |
| 0:19 | Farm |
| 0:35 | Barracks |
| 0:40 | Peasant |
| 0:49 | Farm |
| 0:51 | Peasant |
| 1:16 | Peasant |
| 1:25 | Farm |
| 1:29 | Peasant |
| 1:35 | Scout Tower |
| 1:38 | Footman |
| 1:44 | Peasant |
| 1:59 | Arcane Vault |
| 2:07 | Footman |
| 2:10 | Summon Water Elemental |
| 2:24 | Arcane Tower |
| 3:44 | Footman |
| 4:06 | Peasant |
| 4:07 | Peasant |
| 4:19 | Scout Tower |
| 4:45 | Peasant |
| 4:46 | Peasant |
| 4:52 | Footman |
| 5:08 | Footman |
| 5:12 | Arcane Tower |
| 5:22 | Peasant |
| 5:38 | Keep |
| 5:43 | Lumber Mill |
| 6:54 | Footman |
| 7:40 | Footman |
| 7:47 | Improved Lumber Harvesting |
| 8:03 | Footman |
| 8:04 | Scout Tower |
| 8:45 | Arcane Sanctum |
| 8:48 | Guard Tower |
| 9:25 | Brilliance Aura |
| 9:26 | Scroll of Regeneration |
| 9:27 | Scroll of Regeneration |
| 9:27 | Lesser Clarity Potion |
| 9:36 | Peasant |
| 9:36 | Peasant |
| 9:56 | Farm |
| 9:57 | Farm |
| 10:20 | Blacksmith |
| 10:25 | Storm Bolt |
| 11:10 | Priest |
| 11:10 | Sorceress |
| 11:23 | Long Rifles |
| 11:24 | Advanced Lumber Harvesting |
| 11:39 | Lesser Clarity Potion |
| 11:42 | Lesser Clarity Potion |
| 11:51 | Sorceress |
| 11:53 | Rifleman |
| 12:25 | Rifleman |
| 12:31 | Priest |
| 13:00 | Peasant |
| 13:04 | Farm |
| 13:06 | Farm |
| 13:28 | Priest Adept Training |
| 13:48 | Rifleman |
| 13:50 | Castle |
| 14:07 | Spell Breaker |
| 14:11 | Rifleman |
| 14:15 | Barracks |
| 14:20 | Black Gunpowder |
| 14:21 | Studded Leather Armor |
| 14:59 | Rifleman |
| 14:59 | Spell Breaker |
| 15:00 | Priest |
| 15:08 | Bash |
| 15:14 | Scroll of Regeneration |
| 15:17 | Lesser Clarity Potion |
| 15:19 | Scroll of Town Portal |
| 15:20 | Potion of Healing |
| 15:22 | Potion of Mana |
| 15:22 | Potion of Healing |
| 15:34 | Priest |
| 16:18 | Summon Water Elemental |
| 16:30 | Rifleman |
| 16:32 | Priest Master Training |
| 17:24 | Priest |
| 17:29 | Scroll of Regeneration |
| 18:01 | Animal War Training |
| 18:06 | Holy Light |
| 18:48 | Town Hall |
| 18:52 | Scout Tower |
| 18:53 | Scout Tower |
| 18:54 | Scout Tower |
| Right click | 1510 |
| Select group | 529 |
| Select | 415 |
| Build/train/purchase | 143 |
| Use ability | 143 |
| Assign group | 55 |
| Chat | 9 |
| Misc. action | 6 |
| Esc | 2 |
| Item give/drop | 1 |
32 units @ 5.1k
/ 0.5k
16 buildings @ 2.7k
/ 1k


| Healing Salve | 7 | 700 |
| Lesser Clarity Potion | 4 | 280 |
| Scroll of Speed | 2 | 100 |
| Potion of Healing | 1 | 150 |
| Scroll of Town Portal | 1 | 350 |
| total: | 15 | 1580g |
| Peon | 11 | 825 | / | 0 |
| Grunt | 10 | 2000 | / | 0 |
| Raider | 5 | 900 | / | 200 |
| Wind Rider | 3 | 795 | / | 120 |
| Kodo Beast | 1 | 255 | / | 60 |
| Troll Batrider | 2 | 320 | / | 80 |
| total: | 32 | 5095g | / | 460w |
| Watch Tower | 2 | 220 | / | 160 |
| Altar of Storms | 1 | 180 | / | 50 |
| Orc Burrow | 7 | 1120 | / | 280 |
| Barracks | 1 | 180 | / | 50 |
| Voodoo Lounge | 1 | 130 | / | 30 |
| Great Hall | 1 | 385 | / | 185 |
| War Mill | 1 | 205 | / | 0 |
| Beastiary | 2 | 290 | / | 280 |
| Stronghold | 1 | 315 | / | 190 |
| Fortress | 1 | 325 | / | 190 |
| total: | 16 | 2710g | / | 1035w |
| 0:01 | Peon |
| 0:01 | Peon |
| 0:02 | Altar of Storms |
| 0:18 | Orc Burrow |
| 0:32 | Barracks |
| 0:34 | Peon |
| 0:43 | Peon |
| 1:03 | Peon |
| 1:20 | Peon |
| 1:25 | Orc Burrow |
| 1:40 | Grunt |
| 1:54 | Voodoo Lounge |
| 2:06 | Feral Spirit |
| 2:10 | Grunt |
| 2:17 | Peon |
| 2:20 | Grunt |
| 2:52 | Grunt |
| 4:21 | Healing Salve |
| 4:21 | Lesser Clarity Potion |
| 4:34 | Chain Lighting |
| 4:36 | Grunt |
| 4:38 | Orc Burrow |
| 4:39 | Stronghold |
| 4:44 | Healing Salve |
| 4:46 | Scroll of Speed |
| 5:00 | Grunt |
| 5:03 | Orc Burrow |
| 6:54 | Grunt |
| 8:54 | Lesser Clarity Potion |
| 8:57 | Healing Salve |
| 8:58 | Healing Salve |
| 9:57 | Feral Spirit |
| 10:09 | Healing Salve |
| 10:10 | Lesser Clarity Potion |
| 10:14 | Endurance Aura |
| 10:18 | Beastiary |
| 10:21 | Beastiary |
| 10:28 | Orc Burrow |
| 11:45 | Ensnare |
| 11:45 | Raider |
| 11:46 | Wind Rider |
| 11:47 | Raider |
| 11:53 | Scroll of Speed |
| 11:54 | Potion of Healing |
| 12:07 | Great Hall |
| 12:18 | Shockwave |
| 12:27 | Berserker Strength |
| 12:28 | Grunt |
| 12:36 | War Mill |
| 12:51 | Raider |
| 12:51 | Raider |
| 13:46 | Grunt |
| 14:17 | Watch Tower |
| 14:18 | Watch Tower |
| 15:08 | Kodo Beast |
| 15:09 | Raider |
| 15:11 | Grunt |
| 15:13 | Steel Melee Weapons |
| 15:15 | Peon |
| 15:15 | Peon |
| 15:15 | Peon |
| 15:16 | Peon |
| 17:00 | Chain Lighting |
| 17:36 | Orc Burrow |
| 17:44 | Fortress |
| 17:46 | Thorium Melee Weapons |
| 17:47 | Steel Armor |
| 18:03 | Troll Batrider |
| 18:04 | Troll Batrider |
| 18:11 | Wind Rider |
| 18:11 | Wind Rider |
| 18:23 | Healing Salve |
| 18:24 | Healing Salve |
| 18:40 | Lesser Clarity Potion |
| 18:41 | Scroll of Town Portal |
| 18:58 | Orc Burrow |
| 19:55 | Endurance Aura |
| Right click | 1963 |
| Select group | 521 |
| Select | 459 |
| Misc. action | 106 |
| Build/train/purchase | 84 |
| Assign group | 71 |
| Use ability | 42 |
| Remove unit | 5 |
| Chat | 4 |